 Dungeon Crawl Stone Soup version 0.30-a0-269-gf0224bf7b6 (webtiles) character file.

Game seed: 16966752600266341000

50 123456 the Digger (level 3, -3/19 HPs)
             Began as a Gargoyle Earth Elementalist on Oct 14, 2022.
             Slain by a gnoll
             ... wielding a +0 flail
              (9 damage)
             ... on level 3 of the Dungeon.
             The game lasted 00:02:02 (1814 turns).

123456 the Digger (Gargoyle Earth Elementalist)     Turns: 1814, Time: 00:02:03

Health: -3/19      AC:  5    Str: 11    XL:     3   Next: 79%
Magic:  6/7        EV: 12    Int: 17    God:
Gold:   67         SH:  0    Dex: 10    Spells: 3/7 levels left

rFire   . . .      SeeInvis .    j - +0 dagger (elec)
rCold   . . .      Faith    .    f - orb {light}
rNeg    + . .      Spirit   .    a - +0 robe
rPois   ∞          Reflect  .    (no helmet)
rElec   +          Harm     .    (no cloak)
rCorr   .          Rampage  .    (no gloves)
Will    .....                    (no boots)
Stlth   +.........               d - amulet of magic regeneration
HPRegen 0.23/turn                (no ring)
MPRegen 0.50/turn                (no ring)

@: glowing
A: sickness immunity, AC +3, negative energy resistance 1, electricity
resistance, torment resistance 1, petrification resistance
a: no special abilities


You were on level 3 of the Dungeon.
You visited 1 branch of the dungeon, and saw 3 of its levels.

You collected 67 gold pieces.

Inventory:

Hand Weapons
 j - a +0 dagger of electrocution (weapon)
Armour
 a - a +0 robe (worn)
 f - an orb of light (worn)
Jewellery
 d - an amulet of magic regeneration (around neck)
Wands
 k - a wand of iceblast (10)
Scrolls
 c - a scroll of summoning {unknown}
 g - a scroll of immolation
 h - a scroll of blinking {unknown}
 i - a scroll of noise {unknown}
 l - 2 scrolls of vulnerability {unknown}
Potions
 b - a potion of magic
 e - a potion of curing {unknown}


   Skills:
 + Level 2.0 Dodging
 + Level 2.6 Stealth
 * Level 2.6 Spellcasting
 - Level 0.7 Transmutations
 * Level 4.4 Earth Magic


You had 3 spell levels left.
You knew the following spells:

 Your Spells              Type           Power      Damage    Failure   Level
a - Sandblast             Erth           34%        2d9       3%          1
b - Stone Arrow           Conj/Erth      18%        3d8       22%         3

Your spell library contained the following spells:

 Spells                   Type           Power      Damage    Failure   Level
 Passwall                 Tmut/Erth      8%         N/A       10%         2
 Petrify                  Tmut/Erth      10%        N/A       54%         4


Dungeon Overview and Level Annotations

Branches:
Dungeon (3/15)

Altars:


Innate Abilities, Weirdness & Mutations

You are immune to sickness and miasma.
Your stone body is resilient. (AC +3)
You are immune to poison.
You resist negative energy. (rN+)
You are resistant to electric shocks. (rElec)
You are resistant to unholy torment.
You are immune to petrification.


Message History

You can't see any susceptible monsters within range! (Use Z to cast anyway.)
You can't see any susceptible monsters within range! (Use Z to cast anyway.)
There is a stone staircase leading up here.
Found a stone staircase leading down.
There is a stone staircase leading down here.
You now have 67 gold pieces (gained 5).
A bat comes into view.
The bat hits you but does no damage.
You completely miss the bat. The bat hits you but does no damage. x2
The blast of sand hits the bat but does no damage.
The bat closely misses you. The bat hits you but does no damage.
A bat is nearby!
The blast of sand misses the bat.
The bat barely misses you. The bat hits you.
The blast of sand hits the bat.
You kill the bat!
HP restored.
Magic restored.
You see here a bat corpse.
Found a trident.
You see here a +0 trident. 2 gnolls come into view.
The gnoll shouts! x2
A gnoll comes into view. It is wielding a +0 flail.
The gnoll shouts!
A gnoll comes into view. It is wielding a +0 club.
The blast of sand hits the gnoll but does no damage.
The gnoll shouts!
The gnoll hits you with a +0 flail.
The blast of sand hits the gnoll.
The gnoll is moderately wounded.
The gnoll misses you. The gnoll hits you with a +0 flail.
The blast of sand hits the gnoll!
The gnoll is almost dead.
The gnoll hits you with a +0 flail.
You are too injured to fight recklessly!
You are too injured to fight recklessly!
You are too injured to fight recklessly!
Unknown command.
The gnoll attacks as you move away! The gnoll hits you with a +0 flail!
You die...

#.#.# #.#<# #.#.# ##
#.#.# ...##########
#.#.#
............#######.#.#
......................#
.#####.#######.#.#.#.##
#@# #.).#..... #g#
#.#.###.#. #g#
#.#....... #g#
#.###.###. #g# #.# ###
#. #.# #.# ## #.# #.#
## ..# #. #. #.


You could see 4 gnolls.

Vanquished Creatures
  An adder (D:2)
  A worm (D:2)
  A dart slug (D:1)
  4 endoplasms (D:1)
  2 giant cockroaches (D:1)
  2 goblins
  4 hobgoblins (D:1)
  2 jackals (D:2)
  A kobold (D:1)
  5 ball pythons
  3 bats
  2 frilled lizards
  6 rats
34 creatures vanquished.

Notes
Turn   | Place    | Note
-------+----------+-------------------------------------------
     0 | D:1      | 123456 the Gargoyle Earth Elementalist began the quest for
                  | the Orb.
     0 | D:1      | Reached XP level 1. HP: 10/10 MP: 3/3
   348 | D:1      | Reached XP level 2. HP: 15/15 MP: 1/5
   583 | D:1      | Reached skill level 4 in Earth Magic
   918 | D:1      | Reached XP level 3. HP: 19/19 MP: 4/6
   922 | D:1      | Learned a level 3 spell: Stone Arrow
  1408 | D:2      | Found a faded altar of an unknown god.
  1814 | D:3      | Slain by a gnoll

Illustrated notes

Levels and vault maps discovered:
D:1:      minmay_arrival_four_circles, layout_basic
D:2:      layout_basic, hellmonk_ecumenical_altar_blasted
D:3:      layout_loops_ring, serial_shops, shop, uniq_robin

Skill      XL: |  1  2  3 |
---------------+----------+-----
Earth Magic    | 4 |  4.4
Dodging        | 2 |  2.0
Stealth        | |  2.6
Spellcasting   | |  2.6
Transmutations | |  0.7

Action                   || total
-------------------------++-------
Melee: Whip              ||     3
       Dagger            ||     1
 Cast: Sandblast         ||    47
Armor: Robe              ||     8
Dodge: Dodged            ||    18

Table legend: (Time is in decaauts)
 A = Elapsed time spent in this place.
 B = Non-inter-level travel time spent in this place.
 C = Inter-level travel time spent in this place.
 D = Time resting spent in this place.
 E = Time spent auto-exploring this place.
 F = Levels seen in this place.
 G = Mean time per level.
                   A        B        C        D        E       F      G
               +--------+--------+--------+--------+--------+-----+--------+
         Total |   1836 |   1791 |     45 |    239 |   1311 |   3 |  612.0 |
       Dungeon |   1836 |   1791 |     45 |    239 |   1311 |   3 |  612.0 |
               +--------+--------+--------+--------+--------+-----+--------+

Top non-repeatable levels by time:
     D:1: 1238 daAuts
     D:2: 477 daAuts
     D:3: 120 daAuts
